 Dungeon Crawl Stone Soup version 0.21.1-1-g345015f (webtiles) character file.

80 sking99 the Cudgeler (level 4, -3/28 HPs)
             Began as a Gargoyle Fighter on June 22, 2018.
             Slain by Sigmund
             ... wielding a +0 scythe
              (6 damage)
             ... on level 2 of the Dungeon.
             The game lasted 00:03:12 (1377 turns).

sking99 the Cudgeler (Gargoyle Fighter)             Turns: 1377, Time: 00:03:13

Health: -3/28      AC: 10    Str: 19    XL:     4   Next: 39%
Magic:  4/4        EV:  7    Int:  9    God:
Gold:   70         SH:  9    Dex: 10    Spells: 3/3 levels left

rFire    . . .     SeeInvis .   a - +0 flail
rCold    . . .     Gourm    .   c - +0 shield
rNeg     + . .     Faith    .   b - +0 scale mail
rPois    ∞         Spirit   .   (no helmet)
rElec    +         Reflect  .   (no cloak)
rCorr    .         Harm     .   (no gloves)
MR       .....                  (no boots)
Stlth    ..........             (no amulet)
HPRegen  0.09/turn              (no ring)
MPRegen  0.09/turn              (no ring)

@: no status effects
A: negative energy resistance 1, electricity resistance, unbreathing,
petrification resistance, rot immunity, AC +3
a: no special abilities


You were on level 2 of the Dungeon.
You were not hungry.

You visited 1 branch of the dungeon, and saw 2 of its levels.

You collected 70 gold pieces.

Inventory:

Hand Weapons
 a - a +0 flail (weapon)
Armour
 b - a +0 scale mail (worn)
 c - a +0 shield (worn)
Scrolls
 e - a scroll of remove curse {unknown}
 h - a scroll of teleportation {unknown}
 l - 2 scrolls of enchant armour {unknown}
 m - a scroll of noise {unknown}
 n - 2 scrolls of amnesia {unknown}
 o - a scroll of fog {unknown}
 q - a scroll of enchant weapon {unknown}
 r - 3 scrolls of identify {unknown}
 t - a scroll of random uselessness {unknown}
Potions
 d - a potion of might
 g - a potion of degeneration {unknown}
 i - a potion of berserk rage {unknown}
 j - a potion of lignification {unknown}
 k - a potion of flight {unknown}
 s - a potion of haste {unknown}
 u - a potion of curing {unknown}
Comestibles
 f - 3 rations
 p - 5 chunks of flesh


   Skills:
 - Level 3.4 Fighting
 + Level 4.1 Maces & Flails
 - Level 3.4 Armour
 - Level 3.4 Shields


You had 3 spell levels left.
You didn't know any spells.

Dungeon Overview and Level Annotations

Branches:
Dungeon (2/15)

Altars:

Annotations:
D:2 Sigmund


Innate Abilities, Weirdness & Mutations

You are resistant to torment.
Your stone body is resilient. (AC +3)
You are immune to poison.
You resist negative energy. (rN+)
You are resistant to electric shocks. (rElec)
You can survive without breathing.
You are immune to petrification.
You are immune to rotting.


Message History

You kill the adder!
The hobgoblin hits you but does no damage.
A magic dart appears from out of thin air!
The magic dart hits you! You block the hobgoblin's attack.
Your shield prevents you from hitting the hobgoblin.
You hear some strange, mumbled words.
You are confused.
The hobgoblin hits you but does no damage.
The hobgoblin hits you but does no damage.
You sock the hobgoblin!
You kill the hobgoblin!
Something hits you but does no damage.
You start resting.
Something hits you.
* * * LOW HITPOINT WARNING * * *
You start resting.
You feel less confused. Something hits you.
* * * LOW HITPOINT WARNING * * *
Something hits you.
You die...

. ..?. #8 .. ...# ## ####
.... #.. #### ##8###8##
.....###.##.... ##........
.#.#..#......... #8........
.................. #........
...........{## #...##⌠##
.............### ##...#####
#...........@.# #8...8##.#
#...........#..######..)##..#
#...........##............###
# #...........# ###........##
# ###.#.....>.....#
###.#.#..#.####
.........÷.######
#...#...##...## ......)..#..#
#.##########... .........##.#
##.# ###. .........##.#
####..# ##


There were no monsters in sight!

Vanquished Creatures
  4 adders (D:2)
  An ooze (D:1)
  A worm (D:2)
  A leopard gecko (D:2)
  A giant cockroach (D:2)
  4 goblins
  4 hobgoblins
  3 jackals (D:1)
  3 bats
  3 frilled lizards (D:1)
  7 kobolds
  6 rats
38 creatures vanquished.

Notes
Turn   | Place    | Note
-------+----------+-------------------------------------------
     0 | D:1      | sking99 the Gargoyle Fighter began the quest for the Orb.
     0 | D:1      | Reached XP level 1. HP: 14/14 MP: 1/1
   136 | D:1      | Reached XP level 2. HP: 19/19 MP: 2/2
   712 | D:1      | Reached XP level 3. HP: 23/23 MP: 3/3
   878 | D:1      | Reached skill level 3 in Maces & Flails
  1266 | D:2      | Reached XP level 4. HP: 27/28 MP: 4/4
  1343 | D:2      | Reached skill level 4 in Maces & Flails
  1359 | D:2      | Noticed Sigmund
  1377 | D:2      | Slain by Sigmund

Skill      XL: |  1  2  3  4 |
---------------+-------------+-----
Maces & Flails | 3 4 |  4.1
Fighting       | |  3.4
Armour         | |  3.4
Shields        | |  3.4

Action                   |  1- 3 |  4- 6 || total
-------------------------+-------+-------++-------
Melee: Flail             |   158 |    33 ||   191
  Eat: Chunk             |     1 |     1 ||     2
Armor: Scale mail        |    93 |    23 ||   116
Dodge: Dodged            |    55 |    10 ||    65
Block: Shield            |    93 |    21 ||   114
